3AAA
BLOOMINGTON LONGNECKS @ ALASKAN HUMPBACKS
07/01/2027
 
TOP OF THE 1ST
Bloomington Longnecks batting - Pitching for Alaskan Humpbacks : RHP Delano Turnipseed
Pitching: RHP Delano Turnipseed
Batting: LHB Chris Payling 0-0: Ball
1-0: SINGLE (Groundball, 13) (infield hit)
Batting: RHB Mark Smiley 0-0: Ball
1-0: Ball
2-0: Ball
3-0: Base on Balls
Chris Payling to second
Batting: LHB Adrián Gómez 0-0: SINGLE (Flyball, 8LS)
Chris Payling to third
Mark Smiley to second
Batting: RHB José López 0-0: Ball
1-0: Called Strike
1-1: Foul Ball, location: 2F
1-2: Foul Ball, location: 2F
1-2: Ball
2-2: Fly out, F7 (Flyball, 7S)
Batting: RHB Michael Hicks 0-0: Ball
1-0: Foul Ball, location: 2F
1-1: Swinging Strike
1-2: SINGLE (Line Drive, 7S)
Chris Payling scores
Mark Smiley to third
Adrián Gómez to second
Batting: RHB Dave Farr 0-0: Called Strike
0-1: Ball
1-1: Foul Ball, location: 2F
1-2: Foul Ball, location: 2F
1-2: Ball
2-2: Foul Ball, location: 2F
2-2: Ball
3-2: Fly out, F6 (Popup, 6D)
Batting: RHB Steve Ladner 0-0: Ball
1-0: Called Strike
1-1: Ball
2-1: Ball
3-1: Base on Balls
Mark Smiley scores
Adrián Gómez to third
Michael Hicks to second
Batting: RHB Frank Crocker 0-0: Called Strike
0-1: Called Strike
0-2: Ball
1-2: Foul Ball, location: 2F
1-2: Ball
Wild Pitch!
Adrián Gómez scores
Michael Hicks to third
Steve Ladner to second
2-2: Single, Error in OF, E7, batter to second base
Michael Hicks scores
Steve Ladner scores
Batting: RHB Roberto Alonzo 0-0: Ground out 4-3 (Groundball, 4)
Top of the 1st over - 5 run(s), 4 hit(s), 1 error(s), 1 left on base; Bloomington 5 - Alaskan 0
BOTTOM OF THE 1ST
Alaskan Humpbacks batting - Pitching for Bloomington Longnecks : RHP Giovanni Mireles
Pitching: RHP Giovanni Mireles
Batting: RHB Adrian Barr 0-0: Called Strike
0-1: Ground out 5-3 (Groundball, 56)
Batting: RHB Thom Beach 0-0: Ball
1-0: Ground out 5-3 (Groundball, 56)
Batting: RHB Rob Morse 0-0: Called Strike
0-1: Ball
1-1: Ball
2-1: SINGLE (Line Drive, 56D)
Batting: RHB Gabriel Rodríguez 0-0: Fly out, F7 (Flyball, 7S)
Bottom of the 1st over - 0 run(s), 1 hit(s), 0 error(s), 1 left on base; Bloomington 5 - Alaskan 0
TOP OF THE 2ND
Bloomington Longnecks batting - Pitching for Alaskan Humpbacks : RHP Delano Turnipseed
Batting: LHB Chris Payling 0-0: Ball
1-0: Called Strike
1-1: Ball
2-1: SINGLE (Line Drive, 4MD)
Batting: RHB Mark Smiley 0-0: Ball
1-0: Foul Ball, location: 2F
1-1: Foul Ball, location: 2F
1-2: Ball
2-2: Ball
3-2: SINGLE (Line Drive, 78M)
Chris Payling to second
Batting: LHB Adrián Gómez 0-0: Called Strike
0-1: Called Strike
0-2: Ball
1-2: Fly out, F5 (Popup, 5S)
Batting: RHB José López 0-0: Ball
1-0: Fly out, F8 (Line Drive, 8RD)
Batting: RHB Michael Hicks 0-0: Swinging Strike
0-1: Ball
1-1: Ball
2-1: Fly out, F3 (Popup, 34S)
Top of the 2nd over - 0 run(s), 2 hit(s), 0 error(s), 2 left on base; Bloomington 5 - Alaskan 0
BOTTOM OF THE 2ND
Alaskan Humpbacks batting - Pitching for Bloomington Longnecks : RHP Giovanni Mireles
Batting: RHB Brady Ferris 0-0: Ball
1-0: Ball
2-0: Ball
3-0: Called Strike
3-1: Ground out 5-3 (Groundball, 56)
Batting: RHB Urs van Munster 0-0: Ball
1-0: Ball
2-0: Ground out 4-3 (Groundball, 4)
Batting: RHB Sacha Nieuwenburg 0-0: Ball
1-0: Ball
2-0: SINGLE (Line Drive, 56)
Batting: LHB Miguel Martínez 0-0: Ball
1-0: Called Strike
1-1: Foul Ball, location: 2F
1-2: SINGLE (Groundball, 4MD)
Sacha Nieuwenburg to second
Batting: RHB Pedro Méndez 0-0: Ball
1-0: SINGLE (Groundball, 5D)
Sacha Nieuwenburg to third
Miguel Martínez to second
Runner from 3rd tries for Home, SAFE, no throw
Batting: RHB Adrian Barr 0-0: Ball
1-0: Ball
2-0: Called Strike
2-1: Foul Ball, location: 2F
2-2: Ball
3-2: Base on Balls
Miguel Martínez to third
Pedro Méndez to second
Batting: RHB Thom Beach Balk!
Miguel Martínez scores
Pedro Méndez to third
Adrian Barr to second
0-0: Foul Ball, location: 2F
0-1: 3-RUN HOME RUN (Flyball, 89D), Distance : 414 ft
Batting: RHB Rob Morse 0-0: Ball
1-0: Fly out, F7 (Flyball, 7S)
Bottom of the 2nd over - 5 run(s), 4 hit(s), 0 error(s), 0 left on base; Bloomington 5 - Alaskan 5
TOP OF THE 3RD
Bloomington Longnecks batting - Pitching for Alaskan Humpbacks : RHP Delano Turnipseed
Batting: RHB Dave Farr 0-0: Called Strike
0-1: Called Strike
0-2: Ball
1-2: Fly out, F9 (Flyball, 9LS)
Batting: RHB Steve Ladner 0-0: Foul Ball, location: 2F
0-1: Ball
1-1: DOUBLE (Flyball, 78D)
Batting: RHB Frank Crocker 0-0: Called Strike
0-1: Swinging Strike
0-2: Foul Ball, location: 2F
0-2: Strikes out swinging
Batting: RHB Roberto Alonzo 0-0: Ball
1-0: Foul Ball, location: 2F
1-1: Ball
2-1: Ball
3-1: Base on Balls
Batting: LHB Chris Payling 0-0: Fielders Choice at 2nd, 4-6 (Groundball, 4D)
Top of the 3rd over - 0 run(s), 1 hit(s), 0 error(s), 1 left on base; Bloomington 5 - Alaskan 5
BOTTOM OF THE 3RD
Alaskan Humpbacks batting - Pitching for Bloomington Longnecks : RHP Giovanni Mireles
Batting: RHB Gabriel Rodríguez 0-0: Called Strike
0-1: Ball
1-1: Ball
2-1: Ball
3-1: Foul Ball, location: 2F
3-2: Foul Ball, location: 2F
3-2: Strikes out swinging
Batting: RHB Brady Ferris 0-0: Ball
1-0: Ball
2-0: Called Strike
2-1: Fly out, F8 (Flyball, 8LXD)
Batting: RHB Urs van Munster 0-0: Ball
1-0: Called Strike
1-1: Ball
2-1: Ball
3-1: Base on Balls
Batting: RHB Sacha Nieuwenburg 0-0: Ball
1-0: Fielders Choice at 2nd, 5-4 (Groundball, 56)
Bottom of the 3rd over - 0 run(s), 0 hit(s), 0 error(s), 0 left on base; Bloomington 5 - Alaskan 5
TOP OF THE 4TH
Bloomington Longnecks batting - Pitching for Alaskan Humpbacks : RHP Delano Turnipseed
Batting: RHB Mark Smiley 0-0: Ball
1-0: Ground out 6-3 (Groundball, 56)
Batting: LHB Adrián Gómez 0-0: Ball
1-0: Called Strike
1-1: SINGLE (Line Drive, 56)
Batting: RHB José López 0-0: Called Strike
0-1: Ball
Wild Pitch!
Adrián Gómez to second
1-1: Foul Ball, location: 2F
1-2: SINGLE (Flyball, 78M)
Adrián Gómez to third
Pitching: RHP Mario Ruíz
Batting: RHB Michael Hicks 0-0: Swinging Strike
0-1: Foul Ball, location: 2F
0-2: Ball
1-2: Ball
2-2: SINGLE (Line Drive, 6MD)
Adrián Gómez scores
José López to second
Batting: RHB Dave Farr 0-0: Called Strike
0-1: Ball
1-1: SINGLE (Groundball, 6) (infield hit)
José López to third
Michael Hicks to second
Batting: RHB Steve Ladner 0-0: Ball
1-0: Swinging Strike
1-1: Ball
2-1: Ball
3-1: Base on Balls
José López scores
Michael Hicks to third
Dave Farr to second
Batting: RHB Frank Crocker 0-0: Called Strike
0-1: TRIPLE (Line Drive, 7LM)
Michael Hicks scores
Dave Farr scores
Steve Ladner scores
Batting: RHB Roberto Alonzo 0-0: Ball
1-0: Ball
2-0: Ball
3-0: Called Strike
3-1: Foul Ball, location: 2F
3-2: Strikes out swinging
Batting: LHB Chris Payling 0-0: Called Strike
0-1: Ground out 4-3 (Groundball, 4)
Top of the 4th over - 5 run(s), 5 hit(s), 0 error(s), 1 left on base; Bloomington 10 - Alaskan 5
BOTTOM OF THE 4TH
Alaskan Humpbacks batting - Pitching for Bloomington Longnecks : RHP Giovanni Mireles
Batting: LHB Miguel Martínez 0-0: Ball
1-0: Called Strike
1-1: Called Strike
1-2: Strikes out swinging
Batting: RHB Pedro Méndez 0-0: Ball
1-0: Called Strike
1-1: SINGLE (Flyball, 7S) - OUT at second base trying to stretch hit.
Batting: RHB Adrian Barr 0-0: Ball
1-0: Ball
2-0: Called Strike
2-1: SINGLE (Line Drive, 7LS)
Batting: RHB Thom Beach 0-0: Fielders Choice at 2nd, 6-4 (Groundball, 6)
Bottom of the 4th over - 0 run(s), 2 hit(s), 0 error(s), 0 left on base; Bloomington 10 - Alaskan 5
TOP OF THE 5TH
Bloomington Longnecks batting - Pitching for Alaskan Humpbacks : RHP Mario Ruíz
Batting: RHB Mark Smiley 0-0: Ball
1-0: Ball
2-0: Ball
3-0: Base on Balls
Batting: LHB Adrián Gómez 0-0: Called Strike
0-1: Called Strike
0-2: Foul Ball, location: 2F
0-2: Ground out 4-3 (Groundball, 4MS)
Mark Smiley to second
Batting: RHB José López 0-0: Ground out 6-3 (Groundball, 6)
Batting: RHB Michael Hicks 0-0: Swinging Strike
0-1: Swinging Strike
0-2: Strikes out swinging
Top of the 5th over - 0 run(s), 0 hit(s), 0 error(s), 1 left on base; Bloomington 10 - Alaskan 5
BOTTOM OF THE 5TH
Alaskan Humpbacks batting - Pitching for Bloomington Longnecks : RHP Giovanni Mireles
Batting: RHB Rob Morse 0-0: Ball
1-0: Swinging Strike
1-1: Ball
2-1: Foul Ball, location: 2F
2-2: Reached on error, E4 (Groundball, 4)
Batting: RHB Gabriel Rodríguez 0-0: Called Strike
0-1: Called Strike
0-2: Foul Ball, location: 2F
0-2: Ball
1-2: Ball
2-2: Ball
3-2: Ground out 6-3 (Groundball, 6)
Rob Morse to second
Batting: RHB Brady Ferris 0-0: Ball
Balk!
Rob Morse to third
1-0: Called Strike
1-1: Ball
Wild Pitch!
Rob Morse scores
2-1: Foul Ball, location: 2F
2-2: Ball
3-2: Foul Ball, location: 2F
3-2: Base on Balls
Batting: RHB Urs van Munster 0-0: Ball
1-0: Foul Ball, location: 2F
1-1: Ball
2-1: Foul Ball, location: 2F
2-2: Foul Ball, location: 2F
2-2: Ball
3-2: Strikes out looking
Batting: RHB Sacha Nieuwenburg 0-0: Swinging Strike
0-1: Swinging Strike
0-2: Ball
1-2: Strikes out swinging
Bottom of the 5th over - 1 run(s), 0 hit(s), 1 error(s), 1 left on base; Bloomington 10 - Alaskan 6
TOP OF THE 6TH
Bloomington Longnecks batting - Pitching for Alaskan Humpbacks : RHP Mario Ruíz
Pitching: RHP George Ferguson
Batting: RHB Dave Farr 0-0: Called Strike
0-1: Called Strike
0-2: Ball
1-2: Foul Ball, location: 2F
1-2: Ball
2-2: Strikes out swinging
Batting: RHB Steve Ladner 0-0: Called Strike
0-1: Swinging Strike
0-2: Fly out, F8 (Flyball, 8LM)
Batting: RHB Frank Crocker 0-0: SINGLE (Groundball, 6MD)
Batting: RHB Roberto Alonzo 0-0: Ball
1-0: Ball
2-0: Called Strike
2-1: Foul Ball, location: 2F
2-2: Fly out, F9 (Flyball, 9LM)
Top of the 6th over - 0 run(s), 1 hit(s), 0 error(s), 1 left on base; Bloomington 10 - Alaskan 6
BOTTOM OF THE 6TH
Alaskan Humpbacks batting - Pitching for Bloomington Longnecks : RHP Giovanni Mireles
Batting: LHB Miguel Martínez 0-0: Foul Ball, location: 2F
0-1: Called Strike
0-2: Ball
1-2: Ball
2-2: Foul Ball, location: 2F
2-2: Reached on error, E8 (Flyball, 8LM)
Batting: RHB Pedro Méndez 0-0: 2-RUN HOME RUN (Flyball, 78XD), Distance : 434 ft
Pitching: RHP Jesús Olvero
Batting: RHB Adrian Barr 0-0: Called Strike
0-1: Ball
1-1: Swinging Strike
1-2: Foul Ball, location: 2F
1-2: Foul Ball, location: 2F
1-2: Ball
2-2: Ball
3-2: SOLO HOME RUN (Flyball, 8LD), Distance : 442 ft
Batting: RHB Thom Beach 0-0: Bunt missed!
0-1: Ball
1-1: Ball
2-1: Foul Ball, location: 2F
2-2: Fly out, F8 (Flyball, 8LS)
Batting: RHB Rob Morse 0-0: Ball
1-0: Ball
2-0: Called Strike
2-1: Ball
3-1: Foul Ball, location: 2F
3-2: SINGLE (Line Drive, 7S)
Batting: RHB Gabriel Rodríguez 0-0: Ball
1-0: Called Strike
1-1: Ball
2-1: 2-RUN HOME RUN (Flyball, 78XD), Distance : 428 ft
Pitching: RHP Henry Hart
Batting: RHB Brady Ferris 0-0: Foul Ball, location: 2F
0-1: Foul Ball, location: 2F
0-2: Strikes out looking
Batting: RHB Urs van Munster 0-0: Ball
1-0: Ball
2-0: Fly out, F3 (Popup, 3S)
Bottom of the 6th over - 5 run(s), 4 hit(s), 1 error(s), 0 left on base; Bloomington 10 - Alaskan 11
TOP OF THE 7TH
Bloomington Longnecks batting - Pitching for Alaskan Humpbacks : RHP George Ferguson
Batting: LHB Chris Payling 0-0: Foul Ball, location: 2F
0-1: Ball
1-1: Fly out, F9 (Line Drive, 9S)
Batting: RHB Mark Smiley 0-0: Foul Ball, location: 2F
0-1: Ground out 5-3 (Groundball, 5L)
Batting: LHB Adrián Gómez 0-0: Fly out, F8 (Flyball, 8LM)
Top of the 7th over - 0 run(s), 0 hit(s), 0 error(s), 0 left on base; Bloomington 10 - Alaskan 11
BOTTOM OF THE 7TH
Alaskan Humpbacks batting - Pitching for Bloomington Longnecks : RHP Henry Hart
Batting: RHB Sacha Nieuwenburg 0-0: Ball
1-0: Called Strike
1-1: Foul Ball, location: 2F
1-2: Foul Ball, location: 2F
1-2: DOUBLE (Groundball, 5L)
Batting: LHB Miguel Martínez 0-0: Swinging Strike
0-1: Ball
1-1: SINGLE (Groundball, 13S) (infield hit)
Sacha Nieuwenburg to third
Batting: RHB Pedro Méndez 0-0: Called Strike
0-1: Ball
1-1: Called Strike
1-2: DOUBLE (Flyball, 78XD)
Sacha Nieuwenburg scores
Miguel Martínez to third
Batting: RHB Adrian Barr 0-0: Ground out 6-3 (Groundball, 56)
Pinch Hitting: LHB Jim Unknown 0-0: Intentional Walk
Batting: RHB Rob Morse 0-0: Ball
1-0: Foul Ball, location: 2F
1-1: Ball
2-1: Swinging Strike
2-2: Grounds into fielders choice 6-2 (Groundball, 6)
Pedro Méndez to third
Jim Unknown to second
Batting: RHB Gabriel Rodríguez 0-0: Called Strike
0-1: SINGLE (Flyball, 89S)
Pedro Méndez scores
Jim Unknown to third
Rob Morse to second
Runner from 3rd tries for Home, SAFE, no throw
Pitching: RHP Del Lamb
Batting: RHB Brady Ferris 0-0: Swinging Strike
0-1: Ground out 5-3 (Groundball, 25)
Bottom of the 7th over - 3 run(s), 4 hit(s), 0 error(s), 2 left on base; Bloomington 10 - Alaskan 14
TOP OF THE 8TH
Bloomington Longnecks batting - Pitching for Alaskan Humpbacks : RHP George Ferguson
Now at 2B: Jim Unknown
Batting: RHB José López 0-0: Called Strike
0-1: Ball
1-1: SOLO HOME RUN (Flyball, 8LXD), Distance : 443 ft
Batting: RHB Michael Hicks 0-0: Ball
1-0: Foul Ball, location: 2F
1-1: Ball
2-1: Foul Ball, location: 2F
2-2: Ball
3-2: Base on Balls
Batting: RHB Dave Farr 0-0: Ball
1-0: Foul Ball, location: 2F
1-1: Ball
2-1: Ball
3-1: Base on Balls
Michael Hicks to second
Batting: RHB Steve Ladner 0-0: Ball
1-0: Swinging Strike
1-1: Called Strike
1-2: Strikes out swinging
Batting: RHB Frank Crocker 0-0: Ball
1-0: Grounds into double play, 6-4-3 (Groundball, 6)
Top of the 8th over - 1 run(s), 1 hit(s), 0 error(s), 1 left on base; Bloomington 11 - Alaskan 14
BOTTOM OF THE 8TH
Alaskan Humpbacks batting - Pitching for Bloomington Longnecks : RHP Del Lamb
Batting: RHB Urs van Munster 0-0: Ground out 5-3 (Groundball, 56)
Batting: RHB Sacha Nieuwenburg 0-0: Called Strike
0-1: Called Strike
0-2: SINGLE (Groundball, 56S) (infield hit)
Batting: LHB Miguel Martínez 0-0: Called Strike
0-1: Ball
1-1: Foul Ball, location: 2F
1-2: Foul Ball, location: 2F
1-2: Hit by Pitch
Sacha Nieuwenburg to second
Batting: RHB Pedro Méndez 0-0: Fly out, F8 (Flyball, 89S)
Batting: RHB Adrian Barr 0-0: Foul Ball, location: 2F
0-1: Ball
1-1: Ground out U3 (Groundball, 34)
Bottom of the 8th over - 0 run(s), 1 hit(s), 0 error(s), 2 left on base; Bloomington 11 - Alaskan 14
TOP OF THE 9TH
Bloomington Longnecks batting - Pitching for Alaskan Humpbacks : RHP George Ferguson
Pitching: RHP Jim Unknown
Batting: RHB Roberto Alonzo 0-0: Called Strike
0-1: Ball
1-1: Called Strike
1-2: Ball
2-2: SINGLE (Flyball, 6MD)
Batting: LHB Chris Payling 0-0: Ball
1-0: Called Strike
1-1: SINGLE (Flyball, 8LS)
Roberto Alonzo to second
Pinch Hitting: LHB Luis Velázquez 0-0: Ball
1-0: Grounds into double play, 6-4-3 (Groundball, 6)
Roberto Alonzo to third
Batting: LHB Adrián Gómez 0-0: Swinging Strike
0-1: Swinging Strike
0-2: Ball
1-2: Strikes out swinging
Top of the 9th over - 0 run(s), 2 hit(s), 0 error(s), 1 left on base; Bloomington 11 - Alaskan 14
Saturday, May 26th, 2018 - OOTP Baseball 17.12 Build 75